 Dungeon Crawl Stone Soup version 0.18-a0-425-ge088ad1 (webtiles) character file.

148 xeno23 the Gusty (level 4, 0/33 HPs)
             Began as a Demigod Air Elementalist on Nov 30, 2015.
             Killed by divine providence
             ... invoked by an orc priest
              (15 damage)
             ... on level 4 of the Dungeon.
             The game lasted 00:08:39 (2478 turns).

xeno23 the Gusty (Demigod Air Elementalist)         Turns: 2478, Time: 00:08:39

Health: 0/33       AC:  7    Str: 13    XL:     4   Next: 82%
Magic:  5/11       EV: 12    Int: 19    God:
Gold:   209        SH:  0    Dex: 16    Spells: 3 memorised, 3 levels left

rFire  . . .     SeeInvis .     u - +0 blowgun
rCold  . . .     Clarity  .     a - +0 robe
rNeg   . . .     SustAt   +     (no shield)
rPois  .         Gourm    .     (no helmet)
rElec  .         Spirit   .     (no cloak)
rCorr  .         Dsmss    .     k - +0 pair of gloves
rMut   .         Stasis   .     t - +0 pair of boots
MR     .....                    (no amulet)
Stlth  ++........               (no ring)
                                g - +3 ring of protection

@: very slightly contaminated, repel missiles, not resistant to hostile
enchantments, unstealthy
A: high mp 1, sustain attributes
a: no special abilities


You were on level 4 of the Dungeon.
You were not hungry.

You visited 1 branch of the dungeon, and saw 4 of its levels.

You collected 209 gold pieces.

Inventory:

Hand Weapons
 u - a +0 blowgun (weapon)
Missiles
 p - 54 poisoned needles (quivered)
Armour
 a - a +0 robe (worn)
 k - a +0 pair of gloves (worn)
 t - a +0 pair of boots (worn)
 y - a +1 ring mail of magic resistance
Jewellery
 g - a +3 ring of protection (left hand)
Scrolls
 i - 2 scrolls of remove curse {unknown}
 j - 7 scrolls of identify {unknown}
 n - a scroll of random uselessness {unknown}
 s - 2 scrolls of enchant weapon {unknown}
 v - a scroll of noise {unknown}
 x - a scroll of fog {unknown}
Potions
 d - 2 potions of heal wounds {unknown}
 e - 3 potions of flight {unknown}
 f - a potion of curing {unknown}
 h - a potion of might {unknown}
 m - a potion of ambrosia {unknown}
 o - a potion of poison {unknown}
 q - 3 potions of lignification {unknown}
 r - 2 potions of magic {unknown}
 A - a potion of brilliance {unknown}
Books
 b - a book of Air

   Spells                             Type                      Level
   a - Shock                          Conjuration/Air              1
   b - Swiftness                      Charms/Air                   2
   c - Repel Missiles                 Charms/Air                   2
   d - Static Discharge               Conjuration/Air              3
   e - Lightning Bolt                 Conjuration/Air              5
Comestibles
 c - 3 bread rations
 l - 2 beef jerkies
 w - 2 meat rations
 z - a chunk of flesh


   Skills:
 - Level 1.7 Dodging
 - Level 1.7 Stealth
 + Level 3.0 Spellcasting
 + Level 2.4 Conjurations
 + Level 3.8 Air Magic


You had 3 spell levels left.
You knew the following spells:

 Your Spells              Type           Power        Failure   Level  Hunger
a - Shock                 Conj/Air       ##..         6%          1    None
q - Static Discharge      Conj/Air       ##......     14%         3    ###....
r - Repel Missiles        Chrm/Air       ##....       12%         2    ##.....


Dungeon Overview and Level Annotations

Branches:
Dungeon (4/15)
 Temple: D:4-7


Innate Abilities, Weirdness & Mutations

You have an increased reservoir of magic (+10% MP).
Your attributes are resistant to harm.


Message History

The zap hits the orc wizard.
The orc wizard is lightly wounded.
The orc priest shouts!
Casting: Shock
Confirm with . or Enter, or press ? or * to list all spells.
Aiming: Shock
Press: ? - help, Shift-Dir - straight line, f - orc priest, p - orc wizard
Aim: an orc priest, wielding a club and wearing a leather armour The zap hits the orc.
You kill the orc!
The zap hits the orc priest.
The orc priest is lightly wounded.
The orc priest calls down the wrath of Beogh upon you.
Something smites you!
The orc wizard gestures at you while chanting.
The puff of flame hits you!
You take 18 damage.
The orc priest invokes the aid of Beogh against you.
Something smites you!
You die...

+.#.#.....#
+.#...#.###..#
###.#.........
#......###.##
##......##.#
####.#..##.##.#
#.......##.##.#
##[#####.....<....##
.......#.)##....@..######
#. #....######.....)[o.
#.###...>.###...#..####
#.....###..##.#.##.o..
#.##..# ##.#..#........
#..## #..........##. .#
#.## ##.###.#.#...
....#.######......#.# ##
..............#####.#


You could see an orc priest and an orc wizard.

Vanquished Creatures
  An orc priest (D:3)
  3 adders
  An ooze (D:2)
  4 worms
  2 giant geckos (D:1)
  14 orcs
  6 goblins
  9 hobgoblins
  12 kobolds
  A quokka (D:3)
  2 bats (D:1)
  3 giant cockroaches
  A giant newt (D:2)
  2 rats
61 creatures vanquished.

Notes
Turn   | Place    | Note
--------------------------------------------------------------
     0 | D:1      | xeno23 the Demigod Air Elementalist began the quest for the Orb.
     0 | D:1      | Reached XP level 1. HP: 14/14 MP: 5/5
    56 | D:1      | Reached skill level 1 in Conjurations
   265 | D:1      | Reached XP level 2. HP: 20/20 MP: 2/7
   433 | D:1      | Reached skill level 3 in Air Magic
   757 | D:2      | Reached XP level 3. HP: 26/26 MP: 2/9
   802 | D:2      | Found a shadowy altar of Dithmenos.
  1373 | D:3      | Noticed Terence
  1378 | D:3      | Learned a level 2 spell: Repel Missiles
  1383 | D:3      | Learned a level 3 spell: Static Discharge
  1588 | D:3      | Found a glowing golden altar of the Shining One.
  1799 | D:3      | Reached XP level 4. HP: 33/33 MP: 1/10
  1812 | D:3      | Found a bloodstained altar of Trog.
  2478 | D:4      | Killed from afar by an orc priest

Vault maps used:
D:1:      ncdulo_wetmaze
D:2:      grunt_dithmenos_smoke
D:3:      nicolae_tso_carved_into_rock, first_bread, trog_hazing_becter,
          uniq_terence
D:4:      kennysheep_generic_room_5

Action                   |  1- 3 |  4- 6 || total
-------------------------+-------+-------++-------
Melee: Unarmed           |    43 |     1 ||    44
       Blowgun           |       |     7 ||     7
 Fire: Blowgun           |     1 |    13 ||    14
 Cast: Shock             |   102 |    45 ||   147
       Repel Missiles    |     1 |       ||     1
 Stab: Sleeping          |     3 |     2 ||     5
  Eat: Chunk             |     3 |     2 ||     5
